 Dungeon Crawl Stone Soup version 0.19-a0-1008-g4c63d25 (webtiles) character file.

527 Implojin the Grappler (level 7, -12/85 HPs)
             Began as a Minotaur Fighter on July 22, 2016.
             Was an Initiate of Cheibriados.
             Killed by divine providence
             ... invoked by an orc priest
              (17 damage)
             ... on level 9 of the Dungeon.
             The game lasted 00:05:51 (995 turns).

Implojin the Grappler (Minotaur Fighter)             Turns: 995, Time: 00:05:52

Health: -12/85     AC: 23    Str: 22    XL:     7   Next: 2%
Magic:  6/6        EV:  2    Int:  6    God:    Cheibriados [......]
Gold:   30         SH: 13    Dex: 17    Spells: 0 memorised, 6 levels left

rFire  . . .     SeeInvis .       - Unarmed
rCold  . . .     Gourm    .     (armour currently unavailable)
rNeg   + + +     Faith    .     b - +0 shield
rPois  +         Spirit   .     (helmet currently unavailable)
rElec  .         Dismiss  .     (cloak currently unavailable)
rCorr  .         Reflect  +     (gloves currently unavailable)
SustAt .         Harm     .     (boots currently unavailable)
MR     .....     NoTele   +     s - +3 amulet of reflection
Stlth  +++.......               (no ring)
                                (no ring)

@: agile, exhausted, tree-form (expiring), slowed, very slow, not resistant to
hostile enchantments, fairly stealthy
A: (retaliatory headbutt), (horns 0)
a: Bend Time, Renounce Religion


You were on level 9 of the Dungeon.
You worshipped Cheibriados.
Cheibriados was noncommittal.
You were very hungry.
You were a tree.
You visited 2 branches of the dungeon, and saw 10 of its levels.

You collected 30 gold pieces.

Inventory:

Armour
 a - a +0 scale mail
 b - a +0 shield (worn)
 h - a +0 ring mail of poison resistance (melded)
 m - a +2 pair of boots (melded)
Jewellery
 s - a +3 amulet of reflection (around neck)
Wands
 l - a wand of hasting (9/9)
 t - a wand of lightning (5/15)
Scrolls
 o - a scroll of remove curse
Potions
 n - a potion of lignification
Comestibles
 d - a bread ration
 i - 2 meat rations


   Skills:
 - Level 3.6 Fighting
 - Level 3.6 Armour
 - Level 3.6 Shields
 * Level 8.4 Unarmed Combat


You had 6 spell levels left.
You didn't know any spells.

Dungeon Overview and Level Annotations

Branches:
Dungeon (9/15)             Temple (1/1) D:5             Orc (0/2) D:9
   Lair: D:8-11

Altars:
Ashenzari
Cheibriados
Dithmenos
Elyvilon
Fedhas
Gozag
Kikubaaqudgha
Makhleb
Nemelex Xobeh
Pakellas
Qazlal
Ru
Sif Muna
Trog
Uskayaw
Vehumet
Xom
Yredelemnul
Zin
The Shining One
Beogh


Innate Abilities, Weirdness & Mutations

((You reflexively headbutt those who attack you in melee.))
((You have a pair of horns on your head.))


Message History

You pummel the orc!!
You kill the orc!
Cheibriados appreciates the change of pace.
The orc priest seems to regain its courage.
You block the orc's attack. x2
You pummel the orc!!
You kill the orc!
Cheibriados appreciates the change of pace.
Your transformation is almost over.
The orc seems to regain its courage.
The orc hits you but does no damage. You block the orc's attack.
Unknown command.
Unknown command.
You smack the orc!
You kill the orc!
Cheibriados thoroughly appreciates the change of pace.
The orc priest seems to regain its courage.
The orc seems to regain its courage.
You block the orc warrior's attack. The orc hits you but does no damage.
The orc priest miscasts a cantrip.
You block the orc's attack. The orc hits you but does no damage.
You smack the orc!
You kill the orc!
Cheibriados thoroughly appreciates the change of pace.
The orc seems to regain its courage.
The orc hits you but does no damage. You block the orc's attack.
You block the orc warrior's attack. You block the orc's attack.
The orc barely misses you.
The orc priest casts a cantrip, but nothing happens.
Unknown command.
You hit the orc but do no damage.
The orc warrior hits you but does no damage.
You block the orc warrior's attack.
The orc priest looks braver for a moment.
The orc hits you but does no damage. You block the orc's attack.
Unknown command.
You barely miss the orc. The orc warrior completely misses you.
You block the orc's attack.
The orc priest invokes the aid of Beogh against you.
Beogh smites you!
You die...

*,,* *,,,,,, *****,,* *,,,,,,
,,,,,,,********#####*******,,,,,,
,,,,,,,,,,,,,,,.....,,,,,,,,,,,,,
,,,,,,,,,,,,,,,....,,,,,,,,,,,,,,
,,*************#..#**************
,,* #..## * ,,* #o).######* * ,,*
#♣o.#...o.* * ,,*
#ooo8o....********
,,*******#######oo.oo...,*>,,,,,,
,,,,,,,,,.......o..8o.⌠.,*,,,,,,,
,,,,,,,,,..........#.o..o********
,,,,,,,,,........<.#....,*
,,,,,,,,,..........#8._.>*
,,,,,,,,,..........#,,..,*
,,,,,,,,,..........#,,,,,*


You could see 4 orc warriors, 3 orc priests and 6 orcs.

Vanquished Creatures
  An orc warrior (D:9)
  An ogre (D:5)
  A scorpion (D:8)
  3 crimson imps (D:5)
  2 hounds (D:5)
  A giant frog skeleton (D:5)
  An iguana (D:4)
  A worker ant (D:4)
  An adder (D:5)
  3 river rats (D:5)
  2 giant geckos
  7 orcs
  A bat (D:3)
  3 giant cockroaches
  2 hobgoblins (D:1)
  A kobold (D:2)
  A quokka (D:5)
  A ball python (D:5)
  A giant cockroach zombie (D:5)
  A giant newt (D:4)
35 creatures vanquished.

Vanquished Creatures (others)
  2 plants (D:5)
2 creatures vanquished.

Grand Total: 37 creatures vanquished

Notes
Turn   | Place    | Note
-------+----------+-------------------------------------------
     0 | D:1      | Implojin the Minotaur Fighter began the quest for the Orb.
     0 | D:1      | Reached XP level 1. HP: 19/19 MP: 0/0
    72 | D:4      | Noticed an iguana
    82 | D:4      | Killed an iguana
    82 | D:4      | Reached skill level 3 in Unarmed Combat
    82 | D:4      | Reached XP level 2. HP: 5/26 MP: 1/1
    82 | D:4      | Reached XP level 3. HP: 6/31 MP: 2/2
    92 | D:3      | Reached skill level 4 in Unarmed Combat
   286 | D:5      | Entered Level 5 of the Dungeon
   318 | D:5      | Reached skill level 5 in Unarmed Combat
   318 | D:5      | Reached XP level 4. HP: 36/39 MP: 3/3
   416 | D:5      | Found a staircase to the Ecumenical Temple.
   427 | Temple   | Entered the Ecumenical Temple
   523 | D:5      | Reached skill level 6 in Unarmed Combat
   523 | D:5      | Reached XP level 5. HP: 41/45 MP: 4/4
   542 | D:5      | Found a white marble altar of Elyvilon.
   592 | D:5      | Found a basalt altar of Yredelemnul.
   651 | D:5      | Found an oddly glowing altar of Pakellas.
   664 | D:5      | Noticed an ogre
   680 | D:5      | Killed an ogre
   680 | D:5      | Reached skill level 7 in Unarmed Combat
   680 | D:5      | Reached XP level 6. HP: 27/51 MP: 5/5
   752 | D:5      | Found a sparkling altar of Nemelex Xobeh.
   943 | D:8      | Found a deep blue altar of Sif Muna.
   944 | D:8      | Found a shadowy altar of Dithmenos.
   945 | D:8      | Found an oddly glowing altar of Pakellas.
   945 | D:8      | Found a shattered altar of Ashenzari.
   945 | D:8      | Found a snail-covered altar of Cheibriados.
   946 | D:8      | Found a glowing golden altar of the Shining One.
   946 | D:8      | Found a shimmering altar of Xom.
   953 | D:8      | Became a worshipper of Cheibriados the Contemplative
   960 | D:9      | Noticed an orc warrior
   960 | D:9      | Noticed an orc warrior
   960 | D:9      | Noticed an orc warrior
   962 | D:9      | Noticed an orc warrior
   965 | D:9      | Found a roughly hewn altar of Beogh.
   966 | D:9      | Noticed an orc warrior
   989 | D:9      | Killed an orc warrior
   989 | D:9      | Reached skill level 8 in Unarmed Combat
   989 | D:9      | Reached XP level 7. HP: 26/57 MP: 6/6
   989 | D:9      | HP: 3/85 [orc priest/divine providence (16)]
   995 | D:9      | Killed from afar by an orc priest

Vault maps used:
D:1:      eino_arrival_tree_alley
D:2:      ecumenical_altar_2, serial_glass, glass_columns_a, glass_columns_c,
          glass_columns_a, glass_columns_b, glass_columns_a, glass_columns_c,
          nicolae_ashenzari_panopticon
D:3:      gup_sewer_entry_bubbles, johnstein_pakellas_dig, uniq_sigmund
D:5:      wad_woods_stonehenge, kennysheep_ying_yang, old_standard_altar,
          first_bread, abandoned_shop
D:6:      nicolae_overflow_crystal_walls
D:7:      kennysheep_mini, uniq_duvessa
D:8:      grunt_temple_overflow_open, hangedman_ranch
D:9:      david_orc_5, basic_altar, uniq_pikel
Temple:   compressed_dpeg_circular_temple

Skill      XL: |  1  2  3  4  5  6 |
---------------+-------------------+-----
Unarmed Combat | 3 5 6 7 8 |  8.4
Fighting       | |  3.6
Armour         | |  3.6
Shields        | |  3.6

Action                   |  1- 3 |  4- 6 |  7- 9 || total
-------------------------+-------+-------+-------++-------
Melee: Unarmed           |    33 |    77 |     6 ||   116
       Headbutt          |     6 |    13 |       ||    19
  Use: Potion            |     1 |     5 |       ||     6
       Scroll            |       |     6 |       ||     6
Armor: Scale mail        |     4 |       |       ||     4
       Ring mail         |     3 |    16 |       ||    19
       Skin              |       |    14 |     7 ||    21
Dodge: Dodged            |     9 |    16 |     2 ||    27
Block: Shield            |    14 |    47 |    12 ||    73

Table legend:
 A = Turns spent in this place as a percentage of turns spent in the entire game.
 B = Non-inter-level travel turns spent in this place as a percentage of non-inter-level travel turns spent in the entire game.
 C = Inter-level travel turns spent in this place as a percentage of turns spent in this place.
 D = Turns resting spent in this place as a percentage of non-inter-level travel turns spent in this place.
 E = Turns spent auto-exploring this place as a percentage of non-inter-level travel turns spent in this place.
 F = Non-inter-level travel turns spent in this place divided by the number of levels of this place that you've seen.
                   A       B       C       D       E      F
               +-------+-------+-------+-------+-------+----------------------
         Total | 100.0 | 100.0 |   0.0 |   0.0 |   0.0 | 103.1
       Dungeon |  94.4 |  94.4 |   0.0 |   0.0 |   0.0 | 108.1
        Temple |   5.6 |   5.6 |   0.0 |   0.0 |   0.0 |  58.0
               +-------+-------+-------+-------+-------+----------------------

Table legend:
 A = Kills in this place as a percentage of kills in entire the game.
 B = Kills by you in this place as a percentage of kills by you in the entire game.
 C = Kills by friends in this place as a percentage of kills by friends in the entire game.
 D = Other kills in this place as a percentage of other kills in the entire game.
 E = Experience gained in this place as a percentage of experience gained in the entire game.
 F = Experience gained in this place divided by the number of levels of this place that you have seen.
                   A       B       C       D       E      F
               +-------+-------+-------+-------+-------+----------------------
         Total | 100.0 | 100.0 |  -nan |  -nan | 100.0 |  75.3
       Dungeon | 100.0 | 100.0 |  -nan |  -nan | 100.0 |  83.7
               +-------+-------+-------+-------+-------+----------------------
